 Dungeon Sprint DCSS version 0.17-a0-1939-ga475588 (webtiles) character file.

15934991 pipel the Intangible (level 19, 110/113 HPs)
             Began as a Felid Berserker on Sept 29, 2015.
             Was the Champion of Trog.
             Escaped with the Orb
             ... and 5 runes!
             The game lasted 01:23:53 (10174 turns).

pipel the Intangible (Felid Berserker)             Turns: 10174, Time: 01:23:53

Health: 110/113    AC:  3    Str: 12    XL:     19   Next: 10%
Magic:  28/28      EV: 46    Int:  7    God:    Trog [******]
Gold:   1443       SH:  0    Dex: 24    Spells: 0 memorised, 24 levels left
                                        Lives:  2   Deaths: 3

rFire  + + .     SeeInvis +       - Unarmed
rCold  + + .     Clarity  +     (armour unavailable)
rNeg   + + +     SustAt   .     (shield unavailable)
rPois  .         Gourm    .     (helmet unavailable)
rElec  .         Spirit   .     (cloak unavailable)
rCorr  .         Warding  .     (gloves unavailable)
rMut   .         NoTele   +     (boots unavailable)
MR     ++++.                    G - amulet of Xashis Duys {+Rage rF+ rN+++ MP-9 Str-2}
Stlth  ++++......               D - +3 ring of slaying
                                v - ring of protection from fire

@: very slightly contaminated, regenerating, quick, incredibly resistant to
hostile enchantments, stealthy
A: no armour, no weapons or thrown items, antennae 1, claws 1, fangs 3,
repulsion field 1, see invisible, agile 1, carnivore 3, clarity, cold resistance
1, dopey 1, speed 1, sense surroundings 1, screaming 1, shaggy fur 3, slow
metabolism 1, sharp paws
a: Burn Spellbooks, Berserk, Trog's Hand, Brothers in Arms, Renounce Religion,
Evoke Berserk Rage
0: Orb of Zot
}: 5/15 runes: decaying, serpentine, barnacled, silver, gossamer


You escaped.
You worshipped Trog.
Trog was exalted by your worship.
You were not hungry.

You visited 1 branch You collected 1930 gold pieces.
You spent 487 gold pieces at shops.

Inventory:

Jewellery
 k - a +2 ring of evasion
 l - a +3 ring of dexterity
 t - an uncursed ring of ice
 u - an uncursed ring of poison resistance
 v - a ring of protection from fire (left paw)
 w - an uncursed ring of protection from cold
 y - an uncursed ring of invisibility
 z - a +4 ring of evasion
 A - a +6 ring of dexterity
 D - a +3 ring of slaying (right paw)
 E - the amulet "Ocsiutea" {Spirit *Corrode rC++ rN+ Dex+4}
   (You found it in the Dungeon)

   [amulet of guardian spirit]

   It causes incoming damage to be split between your health and magic.
   It affects your dexterity (+4).
   It greatly protects you from cold.
   It protects you from negative energy.
   It may corrode your equipment when you take damage.
 F - the ring of Xeobaosy {rC- rN++ MP+9 Str+2 Dex+3}
   (You found it in the Dungeon)

   [ring of strength]

   It affects your strength (+2).
   It affects your dexterity (+3).
   It makes you vulnerable to cold.
   It greatly protects you from negative energy.
   It affects your magic capacity (+9).
 G - the amulet of Xashis Duys (around neck) {+Rage rF+ rN+++ MP-9 Str-2}
   (You found it in the Dungeon)

   [amulet of rage]

   It affects your strength (-2).
   It protects you from fire.
   It renders you almost immune to negative energy.
   It affects your magic capacity (-9).
   It lets you go berserk.
 H - the amulet of the Moon {Faith MP+9 Str+2}
   (You found it in the Dungeon)

   [amulet of faith]

   It allows you to gain divine favour quickly.
   It affects your strength (+2).
   It affects your magic capacity (+9).
Magical devices
 j - a wand of cold (2)
 r - a wand of frost (23)
 B - a wand of hasting (3)
Scrolls
 g - a scroll of blinking
 i - 6 scrolls of remove curse
 m - 4 scrolls of recharging
 n - 2 scrolls of fear
 o - 4 scrolls of identify
Potions
 b - 11 potions of curing
 c - 6 potions of heal wounds
 d - 4 potions of haste
 e - 4 potions of magic
 f - 5 potions of berserk rage
 h - a potion of invisibility
 p - a potion of agility
 q - 3 potions of brilliance
 s - a potion of ambrosia
 C - 2 potions of might
Miscellaneous
 x - a crystal ball of energy
Comestibles
 a - 14 meat rations


   Skills:
 O Level 27 Fighting
 O Level 27 Dodging
 O Level 27 Stealth
 O Level 27 Unarmed Combat
 - Level 3.0 Spellcasting
 O Level 27 Evocations


You had 24 spell levels left.
You didn't know any spells.

Dungeon Overview and Level Annotations

Branches:
Dungeon (1/1)

Altars:
Cheibriados
Dithmenos
Elyvilon
Fedhas
Gozag
Kikubaaqudgha
Makhleb
Nemelex Xobeh
Okawaru
Qazlal
Ru
Sif Muna
Trog
Vehumet
Xom
Yredelemnul
Zin
The Shining One
Beogh
Jiyva
Lugonu

Shops:
D [%%(


Innate Abilities, Weirdness & Mutations

You cannot wear armour.
You are incapable of wielding weapons or throwing items.
You have sharp claws.
You have razor-sharp teeth.
You have supernaturally acute eyesight.
You are carnivorous and can eat meat at any time.
You cover ground quickly.
Your thick and shaggy fur keeps you warm (AC +3, rC+).
You have a slow metabolism.
Your sharp claws are effective at attacking unaware monsters.
You have a pair of small antennae on your head.
You are surrounded by a mild repulsion field (EV +2).
You are agile. (Dex +2)
You possess an exceptional clarity of mind.
Your flesh is cold resistant.
You are dopey. (Int -2)
You passively map a small area around you.
You occasionally shout uncontrollably at your foes.


Message History

The Orb Guardian is lightly wounded.
The Orb Guardian hits you!
You take 16 damage, and have 97/113 hp.
You mangle the Orb Guardian!! You bite the Orb Guardian.
The Orb Guardian is heavily wounded.
You mangle the Orb Guardian!!
You bite the Orb Guardian, but do no damage.
The Orb Guardian is almost dead.
The Orb Guardian misses you.
You mangle the Orb Guardian!!
You kill the Orb Guardian!
Trog accepts your kill.
(D) Dungeon
Where to? (Enter - D @ (x,y), ? - help)
Things that are here:
a club; a short sword
There is an open door to the Dungeon here.
There is a staircase leading out of the dungeon here.
You regained 10 hp, and now have 109/113 hp.
You have escaped!

▓▓▓▓▓▓▓▓▓▓▓▓▓▓▓▓▓▓
...▓...▓...▓...▓@▓
.▓.▓.▓.▓†▓.▓.▓.▓.▓
.▓.▓.▓.▓.▓.▓.▓.▓.▓
.▓.▓.▓.▓.▓.▓.▓.▓.▓
.▓.▓.▓.▓.▓.▓.▓.▓.▓
.▓.▓.▓.▓.▓.▓.▓.▓'▓
.▓)▓.▓.▓.▓.▓.▓.▓)▓
.▓.▓.▓.▓.▓)▓'▓.▓.▓
.▓.▓.▓.▓.▓.▓.▓.▓.▓


There were no monsters in sight!

Vanquished Creatures
  3 ancient liches (D)
  4 orbs of fire (D)
  Mara (D)
  Mennas (D)
  5 pandemonium lords (D)
  Boris (D)
  Margery (D)
  Norris (D)
  A Killer Klown (D)
  4 golden dragons (D)
  Nikola (D)
  Xtahua (D)
  A bone dragon (D)
  An electric golem (D)
  A hellephant (D)
  An Ice Fiend (D)
  2 tentacled monstrosities (D)
  34 Orb Guardians (D)
  A lich (D)
  3 Shadow Fiends (D)
  A sphinx (D)
  5 death cobs (D)
  A thorn hunter (D)
  6 shadow dragons (D)
  A storm dragon (D)
  A draconian monk (D)
  3 greater nagas (D)
  Ilsuiw (D)
  A vault warden (D)
  2 draconian knights (D)
  A draconian scorcher (D)
  5 emperor scorpions (D)
  Louise (D)
  3 ghost moths (D)
  2 balrugs (D)
  2 draconian zealots (D)
  A draconian shifter (D)
  A reaper (D)
  4 ironheart preservers (D)
  2 draconian annihilators (D)
  3 stone giants (D)
  A very ugly thing (D)
  A green draconian (D)
  2 blood saints (D)
  2 white draconians (D)
  3 red draconians (D)
  3 mottled draconians (D)
  4 purple draconians (D)
  4 yellow draconians (D)
  4 merfolk javelineers (D)
  An ettin (D)
  A merfolk impaler (D)
  A green death (D)
  8 fire dragons (D)
  A blizzard demon (D)
  Josephine (D)
  21 vault guards (D)
  3 ice dragons (D)
  8 hydras (D)
  A naga warrior (D)
  An entropy weaver (D)
  3 great orbs of eyes (D)
  An alligator (D)
  A centaur warrior (D)
  4 merfolk aquamancers (D)
  4 ogre magi (D)
  2 orc high priests (D)
  4 soul eaters (D)
  An unseen horror (D)
  A shadow demon (D)
  6 ice devils (D)
  A deep troll (D)
  4 swamp dragons (D)
  A large abomination (D)
  3 hill giants (D)
  An infernal demonspawn (D)
  A putrid demonspawn (D)
  3 hell knights (D)
  3 sea snakes (D)
  A naga ritualist (D)
  2 necromancers (D)
  6 orc knights (D)
  3 ironbrand convokers (D)
  A torturous demonspawn (D)
  A harpy (shapeshifter) (D)
  2 griffons (D)
  A hornet (D)
  2 orc sorcerers (D)
  A wolf spider (D)
  9 moths of wrath (D)
  2 manticores (D)
  A black mamba (D)
  3 smoke demons (D)
  Maurice (D)
  A vault sentinel (D)
  2 rust devils (D)
  2 sixfirhies (D)
  3 guardian serpents (D)
  A naga mage (D)
  An orange demon (D)
  2 spiny frogs (D)
  3 yaktaurs (D)
  4 hellwings (D)
  An efreet (D)
  A deep elf priest (D)
  A demonic crawler (D)
  A hellion (D)
  A tormentor (D)
  4 jumping spiders (D)
  6 blue devils (D)
  A red devil (D)
  A giant leech (D)
  2 freezing wraiths (D)
  2 slime creatures (D)
  A boulder beetle (D)
  4 merfolk (D)
  A bog body (D)
  A snapping turtle (D)
  4 blink frogs (D)
  A blink frog (shapeshifter) (D)
  2 redbacks (D)
  4 wraiths (D)
  A wyvern (D)
  A vampire mosquito (D)
  2 ynoxinuls (D)
  A yak (D)
  2 deep elf fighters (D)
  A chaos spawn (D)
  2 hungry ghosts (D)
  A wolf (D)
  A mottled dragon (D)
  9 hell hounds (D)
  5 nagas (D)
  4 porcupines (D)
  2 swamp drakes (D)
  5 orc warriors (D)
  A crocodile (D)
  4 giant frogs (D)
  A scorpion (D)
  4 wights (D)
  A crimson imp (D)
  5 orc wizards (D)
  An orc priest (D)
  An iron imp (D)
  2 quasits (D)
  An iguana (D)
  2 worker ants (D)
  An adder (D)
  A river rat (D)
  4 shadow imps (D)
  An adder skeleton (D)
  2 adder simulacra (D)
  9 orcs (D)
  2 ball pythons (D)
  A hobgoblin (D)
  2 giant cockroach zombies (D)
  A giant gecko skeleton (D)
  A giant newt (D)
  A jackal zombie (D)
  2 kobolds (D)
  A quokka skeleton (D)
  A rat (D)
414 creatures vanquished.

Vanquished Creatures (collateral kills)
  Frederick (D)
  Jory (D)
  A lich (D)
  An electric golem (D)
  A hellephant (D)
  2 tentacled monstrosities (D)
  3 Orb Guardians (D)
  A fire giant (D)
  2 greater nagas (D)
  A ghost moth (D)
  A very ugly thing (D)
  A stone giant (D)
  3 ettins (D)
  A fire dragon (D)
  4 vault guards (D)
  A merfolk impaler (D)
  A rakshasa (D)
  A deep troll shaman (D)
  A spriggan berserker (D)
  A shock serpent (D)
  2 orc sorcerers (D)
  3 wolf spiders (D)
  2 orc knights (D)
  2 black mambas (D)
  A spiny frog (D)
  A torpor snail (D)
  An orange demon (D)
  2 yaktaurs (D)
  2 hellwings (D)
  A red devil (D)
  A slime creature (D)
  A bog body (D)
  2 trapdoor spiders (D)
  A vampire mosquito (D)
  2 wolves (D)
  A naga (D)
  2 wargs (D)
  4 hell hounds (D)
  5 orc warriors (D)
  A giant frog (D)
  A river rat (D)
  An orc (D)
68 creatures vanquished.

Vanquished Creatures (others)
  A merfolk aquamancer (D)
  An infernal demonspawn (D)
  A naga (D)
3 creatures vanquished.

Grand Total: 485 creatures vanquished

Notes
Turn   | Place    | Note
--------------------------------------------------------------
     0 | D        | pipel the Felid Berserker began the quest for the Orb.
     0 | D        | Reached XP level 1. HP: 10/10 MP: 2/2
    11 | D        | Acquired Trog's second power
    60 | D        | Reached skill level 1 in Stealth
    69 | D        | Reached skill level 5 in Dodging
    69 | D        | Reached XP level 2. HP: 15/15 MP: 3/3
    98 | D        | Found a glowing silver altar of Zin.
    98 | D        | Found a glowing golden altar of the Shining One.
    98 | D        | Found an ancient bone altar of Kikubaaqudgha.
    98 | D        | Found a basalt altar of Yredelemnul.
    98 | D        | Found a shimmering altar of Xom.
    98 | D        | Found a radiant altar of Vehumet.
    99 | D        | Found an iron altar of Okawaru.
   100 | D        | Found a burning altar of Makhleb.
   101 | D        | Found a deep blue altar of Sif Muna.
   102 | D        | Found a bloodstained altar of Trog.
   103 | D        | Found a sparkling altar of Nemelex Xobeh.
   104 | D        | Found a white marble altar of Elyvilon.
   105 | D        | Found a roughly hewn altar of Beogh.
   106 | D        | Found a viscous altar of Jiyva.
   107 | D        | Found a corrupted altar of Lugonu.
   108 | D        | Found a blossoming altar of Fedhas.
   109 | D        | Found a snail-covered altar of Cheibriados.
   110 | D        | Found a shadowy altar of Dithmenos.
   111 | D        | Found a stormy altar of Qazlal.
   112 | D        | Found an opulent altar of Gozag.
   113 | D        | Found a sacrificial altar of Ru.
   140 | D        | Noticed a scorpion
   140 | D        | Noticed a wight
   140 | D        | Noticed a hungry ghost
   140 | D        | Noticed a hill giant
   140 | D        | Noticed a worker ant
   142 | D        | Killed a scorpion
   142 | D        | Reached skill level 6 in Dodging
   142 | D        | Reached skill level 5 in Unarmed Combat
   142 | D        | Reached XP level 3. HP: 19/19 MP: 4/4
   142 | D        | Reached XP level 4. HP: 22/22 MP: 5/5
   144 | D        | Killed a wight
   144 | D        | Reached skill level 5 in Fighting
   144 | D        | Reached skill level 7 in Dodging
   144 | D        | Reached skill level 5 in Stealth
   151 | D        | Killed a hungry ghost
   151 | D        | Reached skill level 9 in Dodging
   151 | D        | Reached XP level 5. HP: 28/28 MP: 6/6
   157 | D        | Killed a hill giant
   157 | D        | Acquired Trog's third power
   157 | D        | Reached skill level 11 in Dodging
   157 | D        | Gained mutation: You are covered in thick fur (AC +2). [Felid growth]
   157 | D        | Reached XP level 6. HP: 34/34 MP: 7/7
   157 | D        | Reached XP level 7. HP: 38/38 MP: 8/8
   162 | D        | Killed a worker ant
   342 | D        | Noticed a hungry ghost
   342 | D        | Noticed a worker ant
   342 | D        | Noticed a wight
   342 | D        | Noticed a hill giant
   344 | D        | Killed a hungry ghost
   344 | D        | Reached skill level 12 in Dodging
   344 | D        | Reached skill level 10 in Stealth
   354 | D        | Killed a hill giant
   354 | D        | Reached skill level 10 in Fighting
   354 | D        | Reached skill level 13 in Dodging
   354 | D        | Reached skill level 10 in Unarmed Combat
   354 | D        | Reached XP level 8. HP: 30/43 MP: 9/9
   361 | D        | Killed a worker ant
   363 | D        | Killed a wight
   495 | D        | Noticed a crocodile
   495 | D        | Noticed a spiny frog
   495 | D        | Noticed a blink frog
   495 | D        | Noticed a giant frog
   495 | D        | Noticed an iguana
   495 | D        | Noticed a giant frog
   496 | D        | Noticed a blink frog
   497 | D        | Killed a crocodile
   502 | D        | Killed a spiny frog
   503 | D        | Noticed a yak
   506 | D        | Noticed a porcupine
   508 | D        | Killed a blink frog
   508 | D        | Reached XP level 9. HP: 47/47 MP: 10/10
   510 | D        | Killed a giant frog
   511 | D        | Killed an iguana
   514 | D        | Killed a giant frog
   517 | D        | Killed a blink frog
   517 | D        | Reached skill level 14 in Dodging
   520 | D        | Killed a yak
   522 | D        | Killed a porcupine
   564 | D        | Noticed a spiny frog
   564 | D        | Noticed a porcupine
   564 | D        | Noticed a porcupine
   564 | D        | Noticed a wolf
   566 | D        | Noticed a porcupine
   570 | D        | Killed a spiny frog
   573 | D        | Killed a porcupine
   574 | D        | Killed a porcupine
   575 | D        | Noticed a spiny frog
   580 | D        | Noticed a giant frog
   581 | D        | Killed a wolf
   582 | D        | Killed a porcupine
   590 | D        | Killed a spiny frog
   590 | D        | Killed a giant frog
   628 | D        | Noticed a wolf
   628 | D        | Noticed a hell hound
   628 | D        | Noticed a hell hound
   628 | D        | Noticed a warg
   633 | D        | Killed a hell hound
   634 | D        | Killed a hell hound
   636 | D        | Noticed a hell hound
   636 | D        | Killed a warg
   638 | D        | Killed a hell hound
   640 | D        | Noticed a wolf
   640 | D        | Killed a wolf
   641 | D        | Killed a wolf
   642 | D        | Noticed a hell hound
   644 | D        | Noticed a warg
   646 | D        | Killed a hell hound
   646 | D        | Reached skill level 15 in Dodging
   646 | D        | Reached XP level 10. HP: 53/53 MP: 11/11
   648 | D        | Killed a warg
   723 | D        | Noticed a wraith
   747 | D        | Killed a wraith
   747 | D        | Reached skill level 15 in Stealth
   758 | D        | Noticed a wraith
   759 | D        | Noticed Josephine
   773 | D        | Killed a wraith
   777 | D        | Noticed a wraith
   778 | D        | Noticed a wraith
   782 | D        | Killed Josephine
   792 | D        | Killed a wraith
   792 | D        | Reached skill level 16 in Stealth
   802 | D        | Killed a wraith
   830 | D        | Noticed an orc wizard
   830 | D        | Noticed an orc priest
   830 | D        | Noticed an orc wizard
   833 | D        | Noticed an orc warrior
   835 | D        | Killed an orc wizard
   837 | D        | Noticed an orc warrior
   839 | D        | Killed an orc priest
   841 | D        | Noticed an orc wizard
   843 | D        | Killed an orc wizard
   845 | D        | Noticed an orc wizard
   849 | D        | Killed an orc warrior
   852 | D        | Killed an orc wizard
   853 | D        | Killed an orc warrior
   858 | D        | Killed an orc wizard
   906 | D        | Noticed an orc knight
   906 | D        | Noticed an orc warrior
   906 | D        | Noticed an orc wizard
   906 | D        | Noticed an orc warrior
   906 | D        | Noticed an orc warrior
   906 | D        | Noticed an orc warrior
   907 | D        | Noticed an orc warrior
   908 | D        | Killed an orc knight
   909 | D        | Noticed an orc warrior
   913 | D        | Killed an orc warrior
   918 | D        | Noticed an orc knight
   928 | D        | Killed an orc warrior
   929 | D        | Noticed an orc knight
   933 | D        | Killed an orc warrior
   936 | D        | Noticed an orc warrior
   937 | D        | Killed an orc wizard
   940 | D        | Killed an orc warrior
   940 | D        | Reached skill level 17 in Stealth
   947 | D        | Killed an orc knight
   951 | D        | Noticed an orc warrior
   952 | D        | Killed an orc knight
   956 | D        | Killed an orc warrior
   958 | D        | Killed an orc warrior
   958 | D        | Killed an orc warrior
   959 | D        | Killed an orc warrior
   999 | D        | Found Joaditon's Armour Emporium.
   999 | D        | Noticed an orc sorcerer
   999 | D        | Noticed an orc high priest
   999 | D        | Noticed an orc knight
   999 | D        | Noticed an orc high priest
  1005 | D        | Killed an orc sorcerer
  1006 | D        | Found Edosast's Food Shoppe.
  1006 | D        | Noticed an orc knight
  1012 | D        | Killed an orc high priest
  1012 | D        | Reached XP level 11. HP: 58/58 MP: 12/12
  1017 | D        | Noticed an orc sorcerer
  1019 | D        | Killed an orc knight
  1019 | D        | Reached skill level 18 in Stealth
  1020 | D        | Found Tyst's Food Emporium.
  1027 | D        | Killed an orc high priest
  1033 | D        | Killed an orc knight
  1035 | D        | Killed an orc sorcerer
  1038 | D        | Found Nefuc's Weapon Shoppe.
  1046 | D        | Noticed an orc sorcerer
  1047 | D        | Noticed an orc knight
  1049 | D        | Noticed an orc sorcerer
  1052 | D        | Killed an orc sorcerer
  1052 | D        | Reached skill level 15 in Unarmed Combat
  1055 | D        | Noticed a sun demon
  1055 | D        | Killed an orc sorcerer
  1057 | D        | Killed an orc knight
  1068 | D        | Bought a beef jerky for 19 gold pieces
  1068 | D        | Bought a slice of pizza for 19 gold pieces
  1068 | D        | Bought a meat ration for 65 gold pieces
  1070 | D        | Bought a slice of pizza for 16 gold pieces
  1070 | D        | Bought a royal jelly for 22 gold pieces
  1070 | D        | Bought a meat ration for 55 gold pieces
  1070 | D        | Bought a meat ration for 55 gold pieces
  1070 | D        | Bought a meat ration for 55 gold pieces
  1070 | D        | Bought a meat ration for 55 gold pieces
  1070 | D        | Bought a meat ration for 55 gold pieces
  1070 | D        | Bought a slice of pizza for 16 gold pieces
  1070 | D        | Bought a meat ration for 55 gold pieces
  1218 | D        | Noticed an unseen horror
  1218 | D        | Noticed a griffon
  1218 | D        | Noticed a manticore
  1218 | D        | Noticed a hill giant
  1219 | D        | Noticed a slime creature
  1222 | D        | Killed an unseen horror
  1222 | D        | Reached skill level 19 in Stealth
  1223 | D        | Noticed a yaktaur
  1224 | D        | Killed a griffon
  1225 | D        | Noticed a deep troll shaman
  1227 | D        | Noticed a yaktaur
  1228 | D        | Killed a manticore
  1229 | D        | Noticed an ettin
  1232 | D        | Killed a hill giant
  1238 | D        | Killed a slime creature
  1241 | D        | Killed a yaktaur
  1242 | D        | Noticed an ettin
  1245 | D        | Noticed a slime creature
  1247 | D        | Killed a deep troll shaman
  1248 | D        | Killed a yaktaur
  1248 | D        | Reached skill level 20 in Stealth
  1249 | D        | Noticed a stone giant
  1257 | D        | Killed an ettin
  1260 | D        | Killed an ettin
  1262 | D        | Killed a slime creature
  1328 | D        | Killed a stone giant
  1409 | D        | Noticed Maurice
  1416 | D        | Killed Maurice
  1443 | D        | Noticed a wolf spider
  1443 | D        | Noticed an emperor scorpion
  1443 | D        | Noticed a wolf spider
  1443 | D        | Noticed a redback
  1447 | D        | Killed a wolf spider
  1447 | D        | Gained mutation: Your thick and shaggy fur keeps you warm (AC +3, rC+). [Felid growth]
  1447 | D        | Reached XP level 12. HP: 63/63 MP: 13/13
  1450 | D        | Noticed a ghost moth
  1475 | D        | Killed an emperor scorpion
  1475 | D        | Reached skill level 21 in Stealth
  1479 | D        | Killed a wolf spider
  1486 | D        | Killed a redback
  1500 | D        | Killed a ghost moth
  1505 | D        | Gained mutation: You are agile. (Dex +2) [mutagenic meat]
  1513 | D        | Noticed a wolf spider
  1514 | D        | Noticed a torpor snail
  1517 | D        | Noticed a trapdoor spider
  1517 | D        | Noticed a trapdoor spider
  1517 | D        | Killed a trapdoor spider
  1518 | D        | Killed a trapdoor spider
  1520 | D        | Killed a wolf spider
  1522 | D        | Killed a torpor snail
  1585 | D        | Noticed a naga
  1585 | D        | Noticed a naga
  1585 | D        | Noticed a naga
  1585 | D        | Noticed a black mamba
  1585 | D        | Noticed a black mamba
  1585 | D        | Noticed a shock serpent
  1586 | D        | Noticed a black mamba
  1587 | D        | Killed a naga
  1588 | D        | Noticed a naga
  1589 | D        | Killed a naga
  1602 | D        | Killed a naga
  1604 | D        | Killed a shock serpent
  1605 | D        | Killed a black mamba
  1608 | D        | Killed a black mamba
  1614 | D        | Killed a black mamba
  1614 | D        | Reached skill level 22 in Stealth
  1620 | D        | Noticed a naga ritualist
  1633 | D        | Killed a naga ritualist
  1638 | D        | Killed a naga
  1640 | D        | Noticed a vampire mosquito
  1640 | D        | Noticed a bog body
  1640 | D        | Noticed a giant leech
  1640 | D        | Noticed a bog body
  1640 | D        | Noticed a thorn hunter
  1640 | D        | Noticed a swamp drake
  1642 | D        | Killed a vampire mosquito
  1646 | D        | Killed a bog body
  1667 | D        | Killed a giant leech
  1684 | D        | Killed a thorn hunter
  1686 | D        | Killed a bog body
  1709 | D        | Noticed an alligator
  1710 | D        | Noticed a blink frog
  1711 | D        | Noticed a blink frog
  1715 | D        | Killed a swamp drake
  1717 | D        | Killed an alligator
  1717 | D        | Reached skill level 23 in Stealth
  1719 | D        | Killed a blink frog
  1721 | D        | Killed a blink frog
  1734 | D        | Noticed a merfolk
  1734 | D        | Noticed a merfolk
  1734 | D        | Noticed a manticore
  1734 | D        | Noticed a snapping turtle
  1734 | D        | Noticed a sea snake
  1734 | D        | Noticed a merfolk aquamancer
  1735 | D        | Noticed a sea snake
  1736 | D        | Killed a merfolk
  1738 | D        | Killed a merfolk
  1739 | D        | Noticed a sea snake
  1740 | D        | Killed a manticore
  1742 | D        | Killed a snapping turtle
  1744 | D        | Killed a sea snake
  1749 | D        | Killed a merfolk aquamancer
  1749 | D        | Reached skill level 24 in Stealth
  1753 | D        | Killed a sea snake
  1755 | D        | Killed a sea snake
  1859 | D        | Noticed an ettin
  1859 | D        | Noticed an entropy weaver
  1859 | D        | Noticed a rakshasa
  1859 | D        | Noticed an ettin
  1859 | D        | Noticed a yaktaur
  1859 | D        | Noticed a fire giant
  1862 | D        | Killed an ettin
  1862 | D        | Reached skill level 15 in Fighting
  1867 | D        | Killed an entropy weaver
  1867 | D        | Reached XP level 13. HP: 69/69 MP: 14/14
  1871 | D        | Noticed a fire dragon
  1874 | D        | Killed a rakshasa
  1903 | D        | Killed a fire giant
  1905 | D        | Killed an ettin
  1905 | D        | Reached skill level 25 in Stealth
  1920 | D        | Noticed a stone giant
  1921 | D        | Noticed a spriggan berserker
  1922 | D        | Noticed a red very ugly thing
  1924 | D        | Killed a yaktaur
  1929 | D        | Killed a fire dragon
  1966 | D        | Noticed a tentacled monstrosity
  1977 | D        | Killed a stone giant
  1981 | D        | Killed a red very ugly thing
  1985 | D        | Killed a tentacled monstrosity
  2000 | D        | Killed a spriggan berserker
  2041 | D        | Noticed a fire dragon
  2042 | D        | Noticed a stone giant
  2046 | D        | Noticed a fire dragon
  2052 | D        | Killed a fire dragon
  2059 | D        | Killed a stone giant
  2066 | D        | Killed a fire dragon
  2109 | D        | Noticed a yaktaur
  2110 | D        | Noticed a great orb of eyes
  2111 | D        | Noticed a yaktaur
  2112 | D        | Noticed a fire dragon
  2116 | D        | Killed a yaktaur
  2117 | D        | Paralysed by a great orb of eyes for 7 turns
  2123 | D        | HP: 2/70 [great orb of eyes (13)]
  2124 | D        | Mangled by a great orb of eyes
  2125 | D        | Reached XP level 12. HP: -12/66 MP: 13/13
  2146 | D        | Noticed Mennas
  2193 | D        | Killed Mennas
  2513 | D        | Noticed Jory
  2513 | D        | Noticed Frederick
  2544 | D        | Killed Jory
  2544 | D        | Reached XP level 13. HP: 71/71 MP: 13/16
  2551 | D        | Killed Frederick
  2647 | D        | Noticed a great orb of eyes
  2647 | D        | Noticed an ironheart preserver
  2647 | D        | Noticed a redback
  2647 | D        | Noticed an ogre mage
  2647 | D        | Noticed a blink frog
  2647 | D        | Noticed a stone giant
  2648 | D        | Noticed a deep elf fighter
  2649 | D        | Killed a stone giant
  2649 | D        | Reached skill level 5 in Evocations
  2651 | D        | Noticed a freezing wraith
  2652 | D        | Killed a blink frog
  2653 | D        | Noticed an ironheart preserver
  2654 | D        | Killed an ogre mage
  2655 | D        | Noticed a deep troll
  2656 | D        | Killed a redback
  2657 | D        | Noticed an ogre mage
  2658 | D        | Killed an ironheart preserver
  2661 | D        | Killed a great orb of eyes
  2662 | D        | Noticed a wolf spider
  2663 | D        | Killed a deep elf fighter
  2666 | D        | Killed a freezing wraith
  2667 | D        | Noticed a slime creature
  2668 | D        | Killed an ironheart preserver
  2669 | D        | Noticed a boulder beetle
  2671 | D        | Killed a deep troll
  2672 | D        | Noticed a centaur warrior
  2675 | D        | Killed an ogre mage
  2676 | D        | Noticed an orc knight
  2678 | D        | Killed a wolf spider
  2680 | D        | Killed a slime creature
  2801 | D        | Noticed a griffon
  2801 | D        | Noticed a vampire mosquito
  2806 | D        | Killed a boulder beetle
  2808 | D        | Killed a centaur warrior
  2816 | D        | Killed an orc knight
  2828 | D        | Killed a vampire mosquito
  2831 | D        | Killed a griffon
  2832 | D        | Noticed a deep elf fighter
  2843 | D        | Killed a deep elf fighter
  2845 | D        | Noticed an ogre mage
  2852 | D        | Killed an ogre mage
  2910 | D        | Killed a fire dragon
  3190 | D        | Noticed an emperor scorpion
  3190 | D        | Noticed a ghost moth
  3190 | D        | Noticed a ghost moth
  3190 | D        | Noticed an emperor scorpion
  3190 | D        | Noticed a jumping spider
  3190 | D        | Noticed an emperor scorpion
  3191 | D        | Noticed a moth of wrath
  3192 | D        | Killed an emperor scorpion
  3193 | D        | Noticed a demonic crawler
  3194 | D        | Killed a ghost moth
  3197 | D        | Killed a jumping spider
  3199 | D        | Killed a ghost moth
  3200 | D        | Noticed a ghost moth
  3201 | D        | Noticed a jumping spider
  3202 | D        | Noticed a jumping spider
  3205 | D        | Killed an emperor scorpion
  3205 | D        | Reached skill level 10 in Evocations
  3208 | D        | Noticed an emperor scorpion
  3210 | D        | Killed an emperor scorpion
  3211 | D        | Noticed a jumping spider
  3212 | D        | Killed a moth of wrath
  3213 | D        | Killed a jumping spider
  3213 | D        | Reached XP level 14. HP: 77/77 MP: 20/22
  3214 | D        | Killed a demonic crawler
  3218 | D        | Killed a ghost moth
  3220 | D        | Killed a jumping spider
  3222 | D        | Killed an emperor scorpion
  3229 | D        | Killed a jumping spider
  3231 | D        | Got a gossamer rune of Zot
  3251 | D        | Gained mutation: You are frail (-10% HP). [mutagenic meat]
  3253 | D        | Gained mutation: You tend to lose your temper in combat. [mutagenic meat]
  3254 | D        | Gained mutation: You are very agile. (Dex +4) [mutagenic meat]
  3256 | D        | Gained mutation: You have a pair of small antennae on your head. [mutagenic meat]
  3257 | D        | Gained mutation: You expend magic power (3 MP) to strengthen your wands. [mutagenic meat]
  3258 | D        | Gained mutation: You evolve. [mutagenic meat]
  3259 | D        | Gained mutation: Your mind is acute. (Int +2) [mutagenic meat]
  3260 | D        | Gained mutation: You are very frail (-20% HP). [mutagenic meat]
  3261 | D        | Gained mutation: Your muscles are strong. (Str +2) [mutagenic meat]
  3262 | D        | Lost mutation: You expend magic power (3 MP) to strengthen your wands. [potion of cure mutation]
  3262 | D        | Lost mutation: Your muscles are strong. (Str +2) [potion of cure mutation]
  3262 | D        | Lost mutation: Your mind is acute. (Int +2) [potion of cure mutation]
  3263 | D        | Lost mutation: You evolve. [potion of cure mutation]
  3263 | D        | Lost mutation: You are very frail (-20% HP). [potion of cure mutation]
  3263 | D        | Lost mutation: You are frail (-10% HP). [potion of cure mutation]
  3263 | D        | Lost mutation: You have a pair of small antennae on your head. [potion of cure mutation]
  3263 | D        | Lost mutation: You tend to lose your temper in combat. [potion of cure mutation]
  3263 | D        | Lost mutation: You are very agile. (Dex +4) [potion of cure mutation]
  3332 | D        | Noticed a merfolk
  3332 | D        | Noticed a merfolk
  3332 | D        | Noticed a merfolk javelineer
  3332 | D        | Noticed a merfolk aquamancer
  3332 | D        | Noticed a merfolk javelineer
  3332 | D        | Noticed a merfolk javelineer
  3333 | D        | Noticed Ilsuiw
  3334 | D        | Killed a merfolk
  3335 | D        | Noticed a merfolk aquamancer
  3336 | D        | Killed a merfolk
  3337 | D        | Noticed a merfolk impaler
  3339 | D        | Noticed a merfolk aquamancer
  3340 | D        | Killed a merfolk aquamancer
  3342 | D        | Noticed a merfolk javelineer
  3343 | D        | Killed a merfolk javelineer
  3344 | D        | Noticed a merfolk aquamancer
  3346 | D        | Killed a merfolk aquamancer
  3349 | D        | Killed Ilsuiw
  3350 | D        | Noticed a merfolk impaler
  3351 | D        | Killed a merfolk javelineer
  3355 | D        | Killed a merfolk aquamancer
  3357 | D        | Killed a merfolk aquamancer
  3360 | D        | Killed a merfolk javelineer
  3363 | D        | Killed a merfolk javelineer
  3366 | D        | Killed a merfolk impaler
  3369 | D        | Killed a merfolk impaler
  3370 | D        | Got a barnacled rune of Zot
  3575 | D        | Noticed a naga
  3575 | D        | Noticed a naga warrior
  3575 | D        | Noticed a guardian serpent
  3575 | D        | Noticed a naga
  3575 | D        | Noticed a greater naga
  3575 | D        | Noticed a greater naga
  3576 | D        | Noticed a greater naga
  3577 | D        | Killed a naga
  3578 | D        | Noticed a guardian serpent
  3579 | D        | Killed a naga warrior
  3580 | D        | Noticed a naga mage
  3582 | D        | Killed a greater naga
  3582 | D        | Reached skill level 26 in Dodging
  3583 | D        | Noticed a guardian serpent
  3585 | D        | Killed a naga mage
  3587 | D        | Killed a guardian serpent
  3590 | D        | Noticed a greater naga
  3595 | D        | Killed a greater naga
  3597 | D        | Killed a guardian serpent
  3599 | D        | Killed a naga
  3600 | D        | Noticed a greater naga
  3603 | D        | Noticed a naga
  3605 | D        | Killed a greater naga
  3609 | D        | Killed a greater naga
  3611 | D        | Killed a guardian serpent
  3615 | D        | Killed a greater naga
  3616 | D        | Killed a naga
  3620 | D        | Got a serpentine rune of Zot
  3630 | D        | Gained mutation: You possess an exceptional clarity of mind. [mutagenic meat]
  3631 | D        | Gained mutation: Your flesh is cold resistant. [mutagenic meat]
  3632 | D        | Gained mutation: You have a pair of small antennae on your head. [mutagenic meat]
  3633 | D        | Gained mutation: You are surrounded by a mild repulsion field (EV +2). [mutagenic meat]
  3634 | D        | Gained mutation: You passively map a small area around you. [mutagenic meat]
  3731 | D        | Noticed a swamp drake
  3731 | D        | Noticed a six-headed hydra
  3731 | D        | Noticed an eight-headed hydra
  3731 | D        | Noticed a seven-headed hydra
  3731 | D        | Noticed a four-headed hydra
  3731 | D        | Noticed a swamp dragon
  3732 | D        | Noticed a cyan very ugly thing
  3733 | D        | Killed a swamp drake
  3734 | D        | Noticed a seven-headed hydra
  3735 | D        | Killed a six-headed hydra
  3736 | D        | Noticed a swamp dragon
  3737 | D        | Killed an eight-headed hydra
  3738 | D        | Noticed a four-headed hydra
  3739 | D        | Killed a seven-headed hydra
  3740 | D        | Noticed a swamp dragon
  3741 | D        | Killed a four-headed hydra
  3742 | D        | Noticed a swamp dragon
  3743 | D        | Killed a swamp dragon
  3744 | D        | Noticed a four-headed hydra
  3745 | D        | Killed a cyan very ugly thing
  3747 | D        | Killed a seven-headed hydra
  3749 | D        | Killed a swamp dragon
  3751 | D        | Killed a four-headed hydra
  3751 | D        | Reached skill level 27 in Dodging
  3753 | D        | Killed a swamp dragon
  3755 | D        | Killed a swamp dragon
  3756 | D        | Killed a four-headed hydra
  3761 | D        | Got a decaying rune of Zot
  3824 | D        | Noticed Mara
  3901 | D        | Noticed Nikola
  3905 | D        | Killed Mara
  3905 | D        | Reached XP level 15. HP: 83/85 MP: 23/26
  3909 | D        | Killed Nikola
  4006 | D        | Noticed a vault guard
  4006 | D        | Noticed a vault guard
  4006 | D        | Noticed a vault guard
  4006 | D        | Noticed a vault guard
  4006 | D        | Noticed a vault guard
  4006 | D        | Noticed a vault guard
  4007 | D        | Noticed a vault guard
  4008 | D        | Killed a vault guard
  4009 | D        | Noticed a vault guard
  4010 | D        | Killed a vault guard
  4011 | D        | Killed a vault guard
  4012 | D        | Noticed a vault guard
  4013 | D        | Noticed a vault guard
  4018 | D        | Killed a vault guard
  4019 | D        | Noticed a vault guard
  4022 | D        | Killed a vault guard
  4026 | D        | Killed a vault guard
  4027 | D        | Noticed a vault guard
  4029 | D        | Killed a vault guard
  4030 | D        | Noticed a vault guard
  4032 | D        | Killed a vault guard
  4033 | D        | Noticed a vault guard
  4035 | D        | Killed a vault guard
  4042 | D        | Noticed a vault guard
  4042 | D        | Killed a vault guard
  4045 | D        | Killed a vault guard
  4046 | D        | Noticed a vault guard
  4049 | D        | Noticed a vault guard
  4050 | D        | Killed a vault guard
  4051 | D        | Noticed a vault guard
  4054 | D        | Killed a vault guard
  4055 | D        | Killed a vault guard
  4057 | D        | Killed a vault guard
  4059 | D        | Killed a vault guard
  4060 | D        | Noticed a vault guard
  4062 | D        | Killed a vault guard
  4067 | D        | Killed a vault guard
  4074 | D        | Killed a vault guard
  4078 | D        | Noticed a vault guard
  4079 | D        | Noticed a vault guard
  4080 | D        | Noticed a vault guard
  4081 | D        | Noticed a vault guard
  4082 | D        | Noticed a vault guard
  4092 | D        | Killed a vault guard
  4097 | D        | Noticed a vault guard
  4099 | D        | Killed a vault guard
  4113 | D        | Killed a vault guard
  4117 | D        | Killed a vault guard
  4123 | D        | Killed a vault guard
  4131 | D        | Killed a vault guard
  4193 | D        | Noticed a deep elf priest
  4193 | D        | Noticed an orc knight
  4193 | D        | Noticed an ironbrand convoker
  4193 | D        | Noticed an ironheart preserver
  4193 | D        | Noticed an ironheart preserver
  4193 | D        | Noticed a golden dragon
  4194 | D        | Noticed a necromancer
  4195 | D        | Killed a deep elf priest
  4196 | D        | Noticed a vault sentinel
  4197 | D        | Killed an orc knight
  4198 | D        | Noticed a hornet
  4199 | D        | Killed an ironbrand convoker
  4200 | D        | Noticed an ironbrand convoker
  4202 | D        | Killed an ironheart preserver
  4203 | D        | Noticed an ironbrand convoker
  4204 | D        | Killed an ironheart preserver
  4205 | D        | Noticed a shadow dragon
  4210 | D        | Killed a golden dragon
  4212 | D        | Killed a necromancer
  4214 | D        | Noticed a shadow dragon
  4214 | D        | Noticed a freezing wraith
  4218 | D        | Killed a vault sentinel
  4220 | D        | Killed a hornet
  4221 | D        | Noticed a moth of wrath
  4224 | D        | a moth of wrath changed into a lindwurm
  4228 | D        | Killed a shadow dragon
  4229 | D        | Noticed a sphinx
  4231 | D        | Killed an ironbrand convoker
  4233 | D        | Killed an ironbrand convoker
  4234 | D        | Noticed an ogre mage
  4239 | D        | Killed a shadow dragon
  4239 | D        | Reached XP level 16. HP: 94/94 MP: 26/28
  4242 | D        | Killed a freezing wraith
  4399 | D        | Killed a sphinx
  4401 | D        | Killed an ogre mage
  4401 | D        | Reached skill level 27 in Unarmed Combat
  4560 | D        | Noticed a lich
  4560 | D        | Noticed a shadow dragon
  4560 | D        | Noticed a vault warden
  4560 | D        | Noticed an ancient lich
  4560 | D        | Noticed a shadow dragon
  4560 | D        | Noticed a shadow dragon
  4561 | D        | Noticed a tentacled monstrosity
  4562 | D        | Killed a lich
  4563 | D        | Noticed a shadow dragon
  4702 | D        | Noticed a tentacled monstrosity
  4710 | D        | Killed a shadow dragon
  4710 | D        | Reached skill level 15 in Evocations
  4717 | D        | Killed a vault warden
  4726 | D        | Killed an ancient lich
  4732 | D        | Killed a tentacled monstrosity
  4739 | D        | Killed a tentacled monstrosity
  4740 | D        | Killed from afar by a shadow dragon
  4741 | D        | Reached XP level 15. HP: -8/93 MP: 27/27
  4824 | D        | Got the amulet "Ocsiutea" {Spirit *Corrode rC++ rN+ Dex+4}
  4826 | D        | Got the ring of Xeobaosy {rC- rN++ MP+9 Str+2 Dex+3}
  4828 | D        | Got the amulet of Xashis Duys {+Rage rF+ rN+++ MP-9 Str-2}
  4830 | D        | Got the amulet of the Moon {Faith MP+9 Str+2}
  4971 | D        | Noticed Louise
  4974 | D        | Noticed Boris
  4978 | D        | Killed Louise
  4982 | D        | Killed Boris
  5075 | D        | Got a silver rune of Zot
  5095 | D        | Killed a shadow dragon
  5095 | D        | Reached skill level 27 in Fighting
  5117 | D        | Killed a shadow dragon
  5120 | D        | Killed a shadow dragon
  5355 | D        | Noticed Xtahua
  5358 | D        | Noticed a hell knight
  5359 | D        | Noticed a hell knight
  5360 | D        | Noticed a hell knight
  5361 | D        | Noticed Margery
  5362 | D        | Killed Xtahua
  5363 | D        | Noticed Norris
  5365 | D        | Noticed a necromancer
  5366 | D        | Killed a hell knight
  5369 | D        | Killed a hell knight
  5369 | D        | Reached skill level 27 in Stealth
  5378 | D        | Killed Margery
  5381 | D        | Killed a hell knight
  5389 | D        | Killed Norris
  5392 | D        | Killed a necromancer
  5392 | D        | Reached XP level 16. HP: 82/100 MP: 16/31
  5556 | D        | Noticed a giant frog
  5556 | D        | Noticed a wight
  5556 | D        | Noticed a giant frog
  5556 | D        | Noticed a wight
  5557 | D        | Noticed an efreet
  5558 | D        | Killed a giant frog
  5559 | D        | Noticed a wyvern
  5561 | D        | Noticed a four-headed hydra
  5562 | D        | Killed a wight
  5564 | D        | Killed a giant frog
  5566 | D        | Killed a wight
  5570 | D        | Killed an efreet
  5572 | D        | Killed a wyvern
  5574 | D        | Killed a four-headed hydra
  5683 | D        | Noticed a fire dragon
  5683 | D        | Noticed a red draconian
  5683 | D        | Noticed a bone dragon
  5683 | D        | Noticed a purple draconian
  5683 | D        | Noticed a golden dragon
  5683 | D        | Noticed a fire dragon
  5684 | D        | Noticed a green draconian
  5685 | D        | Killed a fire dragon
  5686 | D        | Noticed a red draconian
  5687 | D        | Killed a red draconian
  5688 | D        | Noticed a mottled draconian
  5689 | D        | Killed a bone dragon
  5690 | D        | Noticed an ice dragon
  5691 | D        | Killed a purple draconian
  5692 | D        | Noticed a mottled dragon
  5693 | D        | Noticed a mottled draconian
  5695 | D        | Killed a golden dragon
  5698 | D        | Killed a fire dragon
  5700 | D        | Killed a green draconian
  5705 | D        | Killed a red draconian
  5707 | D        | Killed a mottled draconian
  5709 | D        | Killed an ice dragon
  5711 | D        | Killed a mottled draconian
  5712 | D        | Killed a mottled dragon
  5851 | D        | Noticed an ice dragon
  5851 | D        | Noticed a purple draconian annihilator
  5851 | D        | Noticed a purple draconian
  5851 | D        | Noticed a yellow draconian scorcher
  5851 | D        | Noticed a moth of wrath
  5851 | D        | Noticed a storm dragon
  5852 | D        | Noticed a white draconian
  5853 | D        | Killed an ice dragon
  5855 | D        | Killed a purple draconian annihilator
  5857 | D        | Killed a purple draconian
  5859 | D        | Killed a yellow draconian scorcher
  5861 | D        | Killed a moth of wrath
  5863 | D        | Killed a storm dragon
  5865 | D        | Killed a white draconian
  5933 | D        | Noticed a fire dragon
  5933 | D        | Noticed a white draconian
  5933 | D        | Noticed an ice dragon
  5933 | D        | Noticed a purple draconian
  5933 | D        | Noticed a death cob
  5933 | D        | Noticed a yellow draconian
  5934 | D        | Noticed a fire dragon
  5937 | D        | Killed a fire dragon
  5938 | D        | Noticed a death cob
  5940 | D        | Killed a white draconian
  5944 | D        | Killed an ice dragon
  5946 | D        | Killed a purple draconian
  5947 | D        | Killed a death cob
  5950 | D        | Killed a yellow draconian
  5950 | D        | Reached skill level 27 in Evocations
  5953 | D        | Killed a fire dragon
  5955 | D        | Killed a death cob
  6081 | D        | Noticed a mottled draconian zealot
  6081 | D        | Noticed a Killer Klown
  6081 | D        | Noticed a yellow draconian zealot
  6081 | D        | Noticed a yellow draconian
  6081 | D        | Noticed a white draconian knight
  6081 | D        | Noticed a yellow draconian
  6082 | D        | Noticed a white draconian knight
  6083 | D        | Killed a mottled draconian zealot
  6084 | D        | Noticed a purple draconian
  6085 | D        | Killed a Killer Klown
  6086 | D        | Noticed a fire dragon
  6087 | D        | Killed a yellow draconian zealot
  6089 | D        | Killed a yellow draconian
  6091 | D        | Killed a white draconian knight
  6093 | D        | Killed a yellow draconian
  6095 | D        | Killed a white draconian knight
  6097 | D        | Killed a purple draconian
  6099 | D        | Killed a fire dragon
  6197 | D        | Noticed a moth of wrath
  6197 | D        | Noticed a death cob
  6197 | D        | Noticed a tentacled monstrosity
  6197 | D        | Noticed a moth of wrath
  6197 | D        | Noticed a mottled draconian monk
  6197 | D        | Noticed a moth of wrath
  6198 | D        | Killed a moth of wrath
  6199 | D        | Noticed a death cob
  6206 | D        | Killed a tentacled monstrosity
  6207 | D        | Noticed a mottled draconian
  6208 | D        | Noticed a black draconian shifter
  6209 | D        | Killed a death cob
  6209 | D        | Reached XP level 17. HP: 104/104 MP: 35/35
  6211 | D        | Killed a mottled draconian monk
  6213 | D        | Killed a moth of wrath
  6214 | D        | Killed a moth of wrath
  6216 | D        | Killed a death cob
  6219 | D        | Killed a black draconian shifter
  6223 | D        | Killed a mottled draconian
  6385 | D        | Noticed an Orb Guardian
  6385 | D        | Noticed an Orb Guardian
  6385 | D        | Noticed an Orb Guardian
  6385 | D        | Noticed an Orb Guardian
  6385 | D        | Noticed an Orb Guardian
  6385 | D        | Noticed an Orb Guardian
  6386 | D        | Noticed an Orb Guardian
  6387 | D        | Killed an Orb Guardian
  6388 | D        | Noticed an Orb Guardian
  6395 | D        | Killed an Orb Guardian
  6396 | D        | Noticed an Orb Guardian
  6398 | D        | Killed an Orb Guardian
  6399 | D        | Killed an Orb Guardian
  6400 | D        | Noticed an Orb Guardian
  6402 | D        | Killed an Orb Guardian
  6406 | D        | Killed an Orb Guardian
  6411 | D        | Killed an Orb Guardian
  6422 | D        | Killed an Orb Guardian
  6424 | D        | Killed an Orb Guardian
  6425 | D        | Killed an Orb Guardian
  6565 | D        | Noticed a purple draconian annihilator
  6565 | D        | Noticed a golden dragon
  6565 | D        | Noticed an Orb Guardian
  6565 | D        | Noticed an Orb Guardian
  6565 | D        | Noticed a yellow draconian
  6565 | D        | Noticed a moth of wrath
  6566 | D        | Noticed an Orb Guardian
  6567 | D        | Killed a purple draconian annihilator
  6568 | D        | Noticed an Orb Guardian
  6569 | D        | Killed a golden dragon
  6582 | D        | Killed an Orb Guardian
  6709 | D        | Killed an Orb Guardian
  6711 | D        | Killed a yellow draconian
  6713 | D        | Killed a moth of wrath
  6715 | D        | Killed an Orb Guardian
  6719 | D        | Killed an Orb Guardian
  6724 | D        | Noticed an ancient lich
  6732 | D        | Killed an ancient lich
  6806 | D        | Noticed an orb of fire
  6811 | D        | Noticed an electric golem
  6811 | D        | Gained mutation: You occasionally shout uncontrollably at your foes. [an orb of fire]
  6813 | D        | Killed an orb of fire
  7055 | D        | Killed an electric golem
  7103 | D        | Noticed an Orb Guardian
  7103 | D        | Noticed an orb of fire
  7103 | D        | Noticed an orb of fire
  7103 | D        | Noticed a golden dragon
  7103 | D        | Noticed a moth of wrath
  7103 | D        | Noticed an ancient lich
  7104 | D        | Noticed an Orb Guardian
  7105 | D        | Killed an Orb Guardian
  7106 | D        | Noticed an orb of fire
  7396 | D        | Noticed an Orb Guardian
  7397 | D        | Killed a golden dragon
  7399 | D        | Killed an Orb Guardian
  7399 | D        | Reached XP level 18. HP: 109/109 MP: 36/36
  7400 | D        | Noticed an electric golem
  7405 | D        | Noticed a death cob
  7407 | D        | Killed an orb of fire
  7408 | D        | Noticed an Orb Guardian
  7415 | D        | Killed from afar by an orb of fire
  7416 | D        | Reached XP level 17. HP: -14/156 MP: 0/35
  7597 | D        | Killed an Orb Guardian
  7614 | D        | Killed an orb of fire
  7635 | D        | Killed a moth of wrath
  7662 | D        | Killed an electric golem
  7734 | D        | Killed a death cob
  7753 | D        | Killed an Orb Guardian
  7771 | D        | Killed an ancient lich
  7779 | D        | Killed an orb of fire
  7799 | D        | Noticed an Orb Guardian
  7804 | D        | Noticed a red draconian
  7806 | D        | Killed an Orb Guardian
  7814 | D        | Killed a red draconian
  7847 | D        | Noticed an Orb Guardian
  7847 | D        | Noticed an Orb Guardian
  7847 | D        | Noticed an Orb Guardian
  7847 | D        | Noticed an Orb Guardian
  7847 | D        | Noticed an Orb Guardian
  7847 | D        | Noticed an Orb Guardian
  7848 | D        | Noticed a moth of wrath
  7860 | D        | Killed an Orb Guardian
  7865 | D        | Killed an Orb Guardian
  7899 | D        | Noticed an Orb Guardian
  7900 | D        | Noticed an Orb Guardian
  7901 | D        | Killed an Orb Guardian
  7909 | D        | Killed an Orb Guardian
  7921 | D        | Killed an Orb Guardian
  7948 | D        | Killed an Orb Guardian
  7958 | D        | Killed a moth of wrath
  7968 | D        | Noticed an Orb Guardian
  7969 | D        | Noticed an Orb Guardian
  7978 | D        | Killed an Orb Guardian
  7982 | D        | Killed an Orb Guardian
  7989 | D        | Killed an Orb Guardian
  7989 | D        | Reached XP level 18. HP: 109/109 MP: 30/36
  8037 | D        | Noticed an Orb Guardian
  8038 | D        | Noticed a moth of wrath
  8039 | D        | Noticed an Orb Guardian
  8043 | D        | Killed an Orb Guardian
  8052 | D        | Killed an Orb Guardian
  8060 | D        | Killed a moth of wrath
  8067 | D        | Killed an Orb Guardian
  8077 | D        | Got the Orb of Zot
  8929 | D        | Killed a yaktaur
  9092 | D        | Killed a great orb of eyes
  9152 | D        | Noticed Fowoibby the pandemonium lord
  9163 | D        | Killed Fowoibby the pandemonium lord
  9170 | D        | Noticed a lich
  9188 | D        | Killed a lich
  9303 | D        | Noticed Ifec the pandemonium lord
  9319 | D        | Killed Ifec the pandemonium lord
  9358 | D        | Gained mutation: You are dopey. (Int -2) [mutagenic glow]
  9455 | D        | Noticed Suorgh the pandemonium lord
  9467 | D        | Killed Suorgh the pandemonium lord
  9575 | D        | Noticed Ylatruon the pandemonium lord
  9583 | D        | Killed Ylatruon the pandemonium lord
  9843 | D        | Noticed Bowikkod the pandemonium lord
  9866 | D        | Killed Bowikkod the pandemonium lord
  9866 | D        | Reached XP level 19. HP: 47/113 MP: 28/37
 10174 | D        | Escaped with the Orb!

Vault maps used:
D:        linesprint

Action                   |  1- 3 |  4- 6 |  7- 9 | 10-12 | 13-15 | 16-18 | 19-21 || total
-------------------------+-------+-------+-------+-------+-------+-------+-------++-------
Melee: Unarmed           |    21 |    13 |    61 |   227 |   333 |   517 |    49 ||  1221
Invok: Berserk           |     2 |     1 |     3 |     7 |    11 |    19 |       ||    43
       Trog's Hand       |     1 |       |     5 |    21 |    18 |    41 |     6 ||    92
       Brothers in Arms  |       |       |     2 |    23 |     7 |    14 |       ||    46
 Abil: Evoke Invisibilit |       |       |       |       |    14 |    17 |       ||    31
       Turn Visible      |       |       |       |       |     4 |    17 |       ||    21
Evoke: Wand              |       |       |       |       |       |    12 |       ||    12
  Use: Scroll            |       |       |       |     2 |       |     2 |       ||     4
       Potion            |       |       |       |       |     2 |    10 |       ||    12
 Stab: Sleeping          |     1 |     1 |     2 |    19 |    31 |    41 |       ||    95
       Distracted        |       |       |     1 |     4 |     3 |     6 |     2 ||    16
       Invisible         |       |       |       |       |    36 |    30 |       ||    66
  Eat: Chunk             |     7 |       |     7 |     9 |    38 |    31 |       ||    92
       Meat ration       |       |       |       |     1 |     1 |     4 |       ||     6
       Royal jelly       |       |       |       |     1 |       |       |       ||     1
       Pizza             |       |       |       |       |     4 |       |       ||     4
       Beef jerky        |       |       |       |       |     1 |       |       ||     1
